 Dungeon Sprint DCSS version 0.26.1-2-gb8aa6d0cf2 (webtiles) character file.

Game seed: 11094760566834679275

1756 Groucho the Fighter (level 8, -3/83 HPs)
             Began as a Minotaur Fighter on Feb 14, 2021.
             Was a Follower of Ru.
             Slain by a cane toad (17 damage)
             ... in the Dungeon (Sprint IX: "|||||||||||||||||||||||||||||").
             The game lasted 00:04:09 (1643 turns).

Groucho the Fighter (Minotaur Fighter)              Turns: 1643, Time: 00:04:09

Health: -3/83      AC: 14    Str: 22    XL:     8   Next: 78%
Magic:  7/7        EV:  8    Int:  5    God:    Ru [*.....]
Gold:   0          SH: 13    Dex: 11    Spells: 7/7 levels left

rFire    . . .     SeeInvis .   p - +2 scimitar (holy)
rCold    . . .     Faith    .   c - +0 kite shield
rNeg     . . .     Spirit   .   r - +1 chain mail
rPois    .         Reflect  .   (helmet restricted)
rElec    .         Harm     .   (no cloak)
rCorr    .         Rampage  .   (no gloves)
Will     .....     NoTele   +   q - +0 pair of boots
Stlth    ..........             (no amulet)
HPRegen  0.23/turn              (no ring)
MPRegen  0.10/turn              (no ring)

@: no status effects
A: retaliatory headbutt, horns 2, hated by all
a: Renounce Religion


You were in the Dungeon.
You worshipped Ru.
Ru was aware of your devotion.
You visited 1 branch

Inventory:

Hand Weapons
 o - a +2 vorpal morningstar
 p - a +2 scimitar of holy wrath (weapon)
Armour
 c - a +0 kite shield (worn)
 q - a +0 pair of boots (worn)
 r - a +1 chain mail (worn)
 u - a +0 ring mail of fire resistance
Jewellery
 s - a +2 ring of evasion
 t - a +3 ring of intelligence
Wands
 n - a wand of acid (10)
Scrolls
 b - 3 scrolls of fog
 f - 2 scrolls of enchant armour
 j - 2 scrolls of blinking
 k - a scroll of fear
 l - 4 scrolls of remove curse
 m - 2 scrolls of amnesia
Potions
 a - 4 potions of heal wounds
 d - a potion of might
 e - 6 potions of curing
 g - a potion of haste
 h - 4 potions of magic
 i - a potion of berserk rage


   Skills:
 + Level 12.1 Fighting
 + Level 11.9 Long Blades
 + Level 12.1 Armour
 + Level 12.1 Shields


You had 7 spell levels left.
You didn't know any spells.
Your spell library was empty.

Dungeon Overview and Level Annotations

Branches:
Dungeon (1/1)

Altars:
Cheibriados
Dithmenos
Elyvilon
Fedhas
Gozag
Hepliaklqana
Kikubaaqudgha
Makhleb
Nemelex Xobeh
Okawaru
Qazlal
Ru
Sif Muna
Trog
Uskayaw
Vehumet
Wu Jian
Xom
Yredelemnul
Zin
The Shining One
Beogh
Jiyva
Lugonu


Innate Abilities, Weirdness & Mutations

You reflexively headbutt those who attack you in melee.
You have a pair of horns on your head.
You are hated by all.


Message History

The cane toad is heavily wounded.
A bullfrog comes into view.
The cane toad stings you but does no damage.
The bullfrog gives a loud, deep croak!
You hit the cane toad but do no damage.
You headbutt the cane toad, but do no damage.
The cane toad is heavily wounded.
You block the cane toad's attack.
You hit the cane toad. You headbutt the cane toad.
The cane toad is severely wounded.
The blink frog hits you!
* * * LOW HITPOINT WARNING * * *
The cane toad barely misses you.
You riposte.
You hit the cane toad but do no damage. You headbutt the cane toad.
The cane toad is almost dead.
You hit the blink frog.
The blink frog is lightly wounded.
The blink frog hits you but does no damage.
The cane toad stings you!
You die...

▓▓▓▓▓▓▓▓▓▓▓▓▓▓▓▓▓▓▓▓▓▓▓▓
...'!......)...F@FFhklF.
▓▓▓▓▓▓▓▓▓▓▓▓▓▓▓▓▓▓▓▓▓▓▓▓▓▓▓▓▓▓▓▓▓
.................................
▓▓▓▓▓▓▓▓▓▓▓▓▓▓▓▓▓▓▓▓▓▓▓▓▓▓▓▓▓▓▓▓▓
).....'.....'____________________
▓▓▓▓▓▓▓▓▓▓▓▓▓▓▓▓▓▓▓▓▓▓▓▓▓▓▓▓▓▓▓▓▓


You could see a cane toad, a basilisk, a blink frog, a rime drake, a wolf and 2
bullfrogs.

Vanquished Creatures
  An ugly thing (D)
  2 cane toads (D)
  A troll (D)
  A yak (D)
  An acid dragon (D)
  2 centaurs (D)
  A bullfrog (D)
  A jelly (D)
  A hound (D)
  An iguana (D)
  An adder (D)
  A shadow imp (D)
  An ufetubus (D)
  An ooze (D)
  A leopard gecko (D)
  2 orcs (D)
  2 hobgoblins (D)
  A bat (D)
  A rat (D)
23 creatures vanquished.

Vanquished Creatures (others)
  A worker ant (D)
1 creature vanquished.

Grand Total: 24 creatures vanquished

Notes
Turn   | Place    | Note
-------+----------+-------------------------------------------
     0 | D        | Groucho the Minotaur Fighter began the quest for the Orb.
     0 | D        | Reached XP level 1. HP: 19/19 MP: 0/0
    15 | D        | Reached XP level 2. HP: 26/28 MP: 1/1
    37 | D        | Reached skill level 5 in Fighting
    37 | D        | Reached skill level 5 in Armour
    37 | D        | Reached skill level 5 in Shields
    37 | D        | Reached XP level 3. HP: 11/36 MP: 2/2
    43 | D        | Reached skill level 5 in Long Blades
    43 | D        | Reached XP level 4. HP: 39/44 MP: 3/3
    55 | D        | Found a roughly hewn altar of Beogh.
    55 | D        | Found a snail-covered altar of Cheibriados.
    55 | D        | Found a shadowy altar of Dithmenos.
    55 | D        | Found a white marble altar of Elyvilon.
    55 | D        | Found a blossoming altar of Fedhas.
    55 | D        | Found an opulent altar of Gozag.
    56 | D        | Found a hazy altar of Hepliaklqana.
    57 | D        | Found a viscous altar of Jiyva.
    58 | D        | Found an ancient bone altar of Kikubaaqudgha.
    59 | D        | Found a corrupted altar of Lugonu.
    60 | D        | Found a burning altar of Makhleb.
    61 | D        | Found a sparkling altar of Nemelex Xobeh.
    62 | D        | Found an iron altar of Okawaru.
    63 | D        | Found a stormy altar of Qazlal.
    64 | D        | Found a sacrificial altar of Ru.
    65 | D        | Found a shimmering blue altar of Sif Muna.
    66 | D        | Found a bloodstained altar of Trog.
    67 | D        | Found a hide-covered altar of Uskayaw.
    68 | D        | Found a radiant altar of Vehumet.
    69 | D        | Found an ornate altar of the Wu Jian Council.
    70 | D        | Found a shimmering altar of Xom.
    71 | D        | Found a basalt altar of Yredelemnul.
    72 | D        | Became a worshipper of Ru the Awakened
    73 | D        | Found a glowing silver altar of Zin.
    74 | D        | Found a glowing golden altar of the Shining One.
   117 | D        | Noticed a centaur
   117 | D        | Noticed a troll
   117 | D        | Noticed a centaur
   117 | D        | Noticed a bullfrog
   123 | D        | Killed a centaur
   124 | D        | Reached XP level 5. HP: 45/52 MP: 4/4
   135 | D        | Killed a troll
   136 | D        | Reached XP level 6. HP: 16/63 MP: 5/5
   145 | D        | Reached XP level 7. HP: 19/71 MP: 6/6
   573 | D        | Noticed a red ugly thing
   573 | D        | Noticed a yak
   582 | D        | Killed a red ugly thing
   583 | D        | Reached skill level 10 in Fighting
   583 | D        | Reached skill level 10 in Long Blades
   583 | D        | Reached skill level 10 in Armour
   583 | D        | Reached skill level 10 in Shields
  1055 | D        | Killed a yak
  1056 | D        | Reached XP level 8. HP: 29/82 MP: 7/7
  1488 | D        | Gained mutation: You are hated by all. [Ru sacrifice]
  1488 | D        | Reached * piety under Ru
  1623 | D        | Noticed a cane toad
  1623 | D        | Noticed a cane toad
  1623 | D        | Noticed a cane toad
  1623 | D        | Noticed a blink frog
  1625 | D        | Noticed a rime drake
  1627 | D        | Killed a cane toad
  1635 | D        | Killed a cane toad
  1643 | D        | Slain by a cane toad

Illustrated notes

Levels and vault maps discovered:
D:        linesprint [early_d, line_temple, items_1, d_10, items_2, lair_1,
          lair_end, items_3, orc_1, orc_end, items_4, d_15, swamp_1, shoals_1,
          snake_1, spider_1, d_20, vaults_1, items_5, swamp_end, shoals_end,
          snake_end, spider_end, vaults_end, d_27, items_6, zot_1, zot_end,
          crypt_end, forest_end, elf_end, slime_end, tomb_end, abyss_end,
          pan_hell_end]

Skill      XL: |  1  2  3  4  5  6  7  8 |
---------------+-------------------------+-----
Fighting       | 4 5 7 9 11 12 | 12.1
Long Blades    | 3 4 5 6 8 9 10 11 | 11.9
Armour         | 4 5 7 9 11 12 | 12.1
Shields        | 4 5 6 7 9 11 12 | 12.1

Action                   |  1- 3 |  4- 6 |  7- 9 || total
-------------------------+-------+-------+-------++-------
Melee: Long sword        |    29 |     6 |       ||    35
       Headbutt          |     7 |     5 |    14 ||    26
       Scimitar          |       |    21 |    48 ||    69
Invok: Sacrifice Love    |       |       |     1 ||     1
  Use: Potion            |     1 |     2 |     2 ||     5
Armor: Scale mail        |    13 |     2 |       ||    15
       Chain mail        |       |    17 |    11 ||    28
Dodge: Dodged            |    10 |    12 |     7 ||    29
Block: Kite shield       |    25 |    21 |    14 ||    60
       Rpst.: Long sword |     3 |     1 |       ||     4
       Scimitar          |       |     1 |     2 ||     3
